cohdb
Replays
Latest Replays
All Replays
Popular Replays
Top Player Replays
Match Explorer
How It Works
Community
CoH3 Stats
Reddit
Sign in to upload your games and track your stats! →
Sign in with Steam
Match 42755527
Unlisted
Match 42755527
Overview
Messages
Build Orders
End
Kradschützen Motorcycle Team
Panzergrenadier Squad
Selects Panzerjäger Kommand Battlegroup
Selects Blockade Equipment
Panzergrenadier Squad
Construct Light Support Kompanie
2.5-tonne Medical Truck
Panzergrenadier Squad
Fire Support Elements
Selects Defensive Positions
2.5-tonne Medical Truck
Flakvierling Half-track
R.U.C
zaro
Mowgli01
Rorschach
湾仔领导
zpl0905
万物终腐朽-慈父予新生
gUi
0
0
Comments
sign in to comment!
No comments posted yet!